 Dungeon Crawl Stone Soup version 0.23.1 (webtiles) character file.

Game seed: 0

77151 LostNumber the Fighter (level 16, -2/106 HPs)
             Began as a Kobold Summoner on Mar 6, 2019.
             Was the Champion of Ashenzari.
             Collided with a spiny frog (11 damage)
             ... caused by a swamp worm
             ... called by a spriggan druid
             ... on level 2 of the Swamp on Mar 7, 2019.
             The game lasted 01:35:34 (34049 turns).

LostNumber the Fighter (Kobold Summoner)           Turns: 34049, Time: 01:35:35

Health: -2/106     AC: 14    Str:  6    XL:     16   Next: 4%
Magic:  0/29       EV: 20    Int: 25    God:    Ashenzari [******]
Gold:   526        SH:  7    Dex: 17    Spells: 3/33 levels left

rFire    . . .     SeeInvis +   O - +5 demon whip "Xahaiga" {freeze, Int+4} (curse)
rCold    . . .     Gourm    .   o - +0 buckler (curse)
rNeg     . . .     Faith    .   V - +1 ring mail "Vyenini" {Slay+3} (curse)
rPois    .         Spirit   +   B - +0 helmet
rElec    .         Reflect  .   g - +0 cloak {+Inv} (curse)
rCorr    .         Harm     .   Y - +1 pair of gloves
MR       ++...     Clarity  +   w - +0 pair of boots (curse)
Stlth    ++++......             h - amulet of guardian spirit (curse)
HPRegen  0.27/turn              F - ring of wizardry (curse)
MPRegen  0.21/turn              l - ring of protection from magic (curse)

@: no status effects
A: small, carnivore
a: Curse Item, Scrying, Transfer Knowledge, Renounce Religion, Evoke
Invisibility


You were on level 2 of the Swamp.
You worshipped Ashenzari.
Ashenzari was exalted by your worship.
You were not hungry.

You visited 4 branches of the dungeon, and saw 24 of its levels.
You visited 1 bazaar.
You also visited: Sewer, Ossuary and Ice Cave.

You collected 2915 gold pieces.
You spent 2389 gold pieces at shops.

Inventory:

Hand Weapons
 O - the cursed +5 demon whip "Xahaiga" (weapon) {freeze, Int+4}
   (You acquired it on level 2 of the Lair of Beasts)

   It has been specially enchanted to freeze those struck by it, causing extra
   injury to most foes and up to half again as much damage against particularly
   susceptible opponents.
   It can also slow down cold-blooded creatures.
   It affects your intelligence (+4).
   It has a curse placed upon it.
Missiles
 P - 5 throwing nets (quivered) {!f}
Armour
 g - a cursed +0 cloak of invisibility (worn)
   (You took it off Maurice on level 11 of the Dungeon)
 o - a cursed +0 buckler (worn)
   (You found it on level 2 of the Dungeon)
 w - a cursed +0 pair of boots (worn)
   (You found it on level 3 of the Dungeon)
 B - a +0 helmet (worn)
   (You found it on level 1 of the Dungeon)
 V - the cursed +1 ring mail "Vyenini" (worn) {Slay+3}
   (You found it on level 3 of the Lair of Beasts)

   It affects your accuracy and damage with ranged weapons and melee attacks
   (+3).
   It has a curse placed upon it.
 Y - a +1 pair of gloves (worn)
   (You found it on level 13 of the Dungeon)
Jewellery
 h - a cursed amulet of guardian spirit (around neck)
   (You found it on level 1 of the Dungeon)
 i - an uncursed ring of protection from fire
   (You bought it in a shop in a bazaar)
 l - a cursed ring of protection from magic (right hand)
   (You found it on level 4 of the Dungeon)
 F - a cursed ring of wizardry (left hand)
   (You found it on level 6 of the Dungeon)
Wands
 c - a wand of disintegration (12)
   (You took it off a boggart on level 13 of the Dungeon)
 d - a wand of iceblast (24)
   (You found it on level 6 of the Dungeon)
 q - a wand of scattershot (6)
   (You took it off an orc priest on level 7 of the Dungeon)
 t - a wand of flame (36)
   (You found it in an ossuary)
 u - a wand of paralysis (26)
   (You found it on level 4 of the Dungeon)
 x - a wand of acid (21)
   (You found it in an ossuary)
 K - a wand of clouds (4)
   (You found it in an ossuary)
Scrolls
 m - a scroll of enchant armour {unknown}
 n - 2 scrolls of immolation {unknown}
 p - 4 scrolls of teleportation {@r4}
 v - a scroll of fog {unknown}
 I - 4 scrolls of vulnerability {!r}
 Q - 3 scrolls of magic mapping
 R - 3 scrolls of blinking
 S - 3 scrolls of remove curse {@r2}
 W - 2 scrolls of holy word {unknown}
 X - a scroll of summoning {unknown}
Potions
 b - 5 potions of might
 f - a potion of invisibility {unknown}
 j - 8 potions of curing {@q1}
 r - 5 potions of haste {@q3}
 s - 2 potions of cancellation
 z - 3 potions of agility
 A - 2 potions of resistance
 D - 4 potions of flight
 E - 3 potions of brilliance
 G - 2 potions of lignification {!q}
 H - a potion of magic {unknown}
 J - a potion of ambrosia
 L - 8 potions of heal wounds {@q2}
 M - 2 potions of berserk rage
 N - 3 potions of mutation {!q}
Miscellaneous
 U - a phial of floods
   (You found it on level 12 of the Dungeon)
Comestibles
 e - 49 rations {!d}


   Skills:
 + Level 14.0 Fighting
 - Level 8.4(12.8) Maces & Flails
   Level 2.0 Polearms
 - Level 5.0(8.0) Armour
 + Level 10.8(13.6) Dodging
 - Level 12.0 Stealth
 + Level 4.8(7.7) Shields
 - Level 9.0 Spellcasting
 - Level 1.8(5.0) Hexes
 - Level 9.7(14.0) Summonings
 - Level 4.9(9.3) Necromancy
 - Level 2.8(6.5) Ice Magic
 - Level 4.0(8.2) Air Magic
 - Level 5.0(9.4) Earth Magic
 - Level 8.0(12.4) Evocations


You had 3 spell levels left.
You knew the following spells:

 Your Spells              Type           Power        Failure   Level  Hunger
a - Summon Small Mammal   Summ           ####         1%          1    None
b - Shadow Creatures      Summ           N/A          3%          6    ######.
c - Call Canine Familiar  Summ           ######..     1%          3    None
d - Summon Ice Beast      Ice/Summ       ######..     1%          4    ##.....
f - Borgnjor's Vile Clut  Necr/Erth      ######....   4%          5    ####...
w - Summon Mana Viper     Hex/Summ       ######..     4%          5    ####...
x - Call Imp              Summ           ######..     1%          2    None
z - Summon Lightning Spi  Summ/Air       ######..     1%          4    ##.....

Your spell library contained the following spells:

 Spells                   Type           Power        Failure   Level  Hunger
 Confusing Touch          Hex            #####.       1%          1    None
 Shock                    Conj/Air       ####         1%          1    None
 Summon Butterflies       Summ           ######..     1%          1    None
 Ensorcelled Hibernation  Hex/Ice        #####.       1%          2    None
 Swiftness                Chrm/Air       ####....     1%          2    None
 Summon Guardian Golem    Hex/Summ       ######..     1%          3    None
 Confuse                  Hex            #####...     2%          3    None
 Static Discharge         Conj/Air       ####....     3%          3    None
 Mephitic Cloud           Conj/Pois/Air  ####....     6%          3    None
 Gell's Gravitas          Tloc           ##........   16%         3    None
 Spider Form              Tmut/Pois      ##........   16%         3    None
 Airstrike                Air            ######....   2%          4    ##.....
 Petrify                  Tmut/Erth      #####...     9%          4    ##.....
 Silence                  Hex/Air        #####.....   13%         5    ####...
 Metabolic Englaciation   Hex/Ice        #####.....   17%         5    ####...
 Summon Hydra             Summ           ######....   19%         7    #######
 Lightning Bolt           Conj/Air       ####......   30%         5    ####...
 Force Lance              Conj/Tloc      ##......     45%         4    ##.....
 Yara's Violent Unravell  Hex/Tmut       ####......   50%         5    ####...
 Darkness                 Hex            #####.....   77%         6    ######.
 Alistair's Intoxication  Tmut/Pois      ##......     78%         5    ####...


Dungeon Overview and Level Annotations

Branches:
Dungeon (14/15)            Temple (0/1) D:5            Lair (6/6) D:9
  Swamp (2/4) Lair:2       Spider (0/4) Lair:4        Slime (0/5) Lair:5
    Orc (2/2) D:11            Elf (0/3) Orc:2        Vaults (0/5) D:14

Altars:
Ashenzari
Cheibriados
Dithmenos
Makhleb
Nemelex Xobeh
Okawaru
Qazlal
Ru
Trog
Uskayaw
Xom
Zin
Beogh

Shops:
D:8 ?   D:11 (   Orc:2 **[%

Annotations:
D:9 5 runed translucent doors
D:11 2 transporters, Ethylacetat's ghost, journeyman NaGl
D:12 2 transporters, LostNumber's ghost, journeyman DsEE
D:14 exclusion: Roxanne, Roxanne
Lair:4 exclusion: oklob plant
Lair:6 1 runed translucent door, Forgol's ghost, journeyman MiFi


Innate Abilities, Weirdness & Mutations

You are small and have problems with some larger weapons.
You are carnivorous and can eat meat at any time.


Message History

Unknown command.
You closely miss the alligator.
Your alligator bites the alligator!!
Your alligator tail-slaps the alligator.
The tyrant leech bites you!!
* * * LOW HITPOINT WARNING * * *
The tyrant leech draws strength from your injuries!
The swamp worm throws harpoon shot at you.
The harpoon shot misses your spiny frog.
The harpoon shot hits you!
* * * LOW HITPOINT WARNING * * *
You are yanked forward by the harpoon shot.
You collide with your spiny frog!
Your spiny frog barely misses the swamp worm.
Your alligator bites the alligator.
Your alligator tail-slaps the alligator.
The alligator bites your spiny frog!
The alligator tail-slaps your spiny frog.
Unknown command.
You enter the shallow water.
Moving in this stuff is going to be slow.
The swamp worm bites your spiny frog but does no damage.
Your spiny frog stings the alligator!!
The alligator dies!
The tyrant leech bites your alligator!
Your alligator barely misses the tyrant leech.
Your alligator misses the tyrant leech. The swamp worm bites your spiny frog.
Your spiny frog barely misses the swamp worm.
Your alligator misses the tyrant leech.
Your alligator barely misses the tyrant leech.
The tyrant leech bites your alligator!!
Unknown command.
The swamp worm bites your spiny frog. The swamp worm bites your alligator!!
Your alligator dies!
Your alligator's corpse dissolves into shadows!
Your spiny frog closely misses the swamp worm.
The swamp worm barely misses your spiny frog.
The tyrant leech bites your spiny frog!
Unknown command.
The swamp worm throws harpoon shot at you.
The harpoon shot hits you but does no damage.
Your spiny frog misses the tyrant leech.
The swamp worm throws harpoon shot at you.
The harpoon shot misses your spiny frog.
The harpoon shot hits you!
* * * LOW HITPOINT WARNING * * *
You are yanked forward by the harpoon shot.
You collide with your spiny frog!
Your spiny frog dies!
Your spiny frog's corpse dissolves into shadows!
You die...

≈.≈♣♣♣..≈≈≈≈≈.♣♣♣♣≈≈≈≈≈.≈.≈≈♣♣
.♣♣♣ ♣♣.≈.≈≈.♣♣♣♣.≈≈......≈♣*
♣♣ ♣♣.≈§).♣♣ ♣...≈♣....≈≈* * ♣
♣.≈≈≈..♣ ♣♣..≈≈...≈. * * {*
♣♣....♣♣ ♣...≈.≈≈..* *,
♣♣.≈≈.♣ ♣.≈≈♣.≈≈.♣≈*, ≈,
♣.≈≈≈♣♣ ♣♣..♣♣..§§. ≈ ≈ ♣
♣♣≈≈.♣ ♣≈≈.♣*♣.≈.*,*,,* ♣
♣♣♣♣≈≈.♣ ♣@≈≈♣ * .., **≈
♣♣♣♣.♣..≈≈♣ *♣.[♣♣ * ≈ *
.♣♣≈≈..≈≈≈♣ ♣www♣* ** ,,, *
<≈.≈≈≈≈.≈§♣♣ ♣..≈≈♣.. * , , **
≈≈≈..§≈§♣..♣♣♣♣...≈.♣ * *,,,,*
≈≈♣.♣♣§≈≈.♣.♣*♣≈..... ,* * * *
..≈≈...≈≈..♣♣*.≈[.≈♣≈* ,*, ≈
♣≈.≈♣♣...≈≈.♣♣.≈§≈♣♣.≈* ≈**
?≈♣♣♣♣..♣≈≈.♣♣≈≈..♣♣≈♣♣ ≈ ,*


You could see a tyrant leech and 2 swamp worms.

Vanquished Creatures
  A vault guard (D:14)
  7 hydras
  Harold (D:7)
  2 two-headed ogres
  2 centaur warriors
  2 tengu warriors
  Nergalle (Lair:4)
  2 skeletal warriors (D:12)
  2 unseen horrors
  2 orc knights
  A lindwurm (Lair:5)
  A wolf spider (Lair:4)
  3 cyclopes (D:14)
  A deep elf mage (D:14)
  A manticore (D:13)
  2 ugly things
  A centaur zombie (D:12)
  Maurice (D:11)
  3 elephants (Lair:6)
  A black mamba (Lair:6)
  18 spiny frogs
  2 rime drakes (Lair:4)
  5 komodo dragons
  2 ice devils (D:11)
  A tengu conjurer (D:13)
  3 trolls
  8 polar bears
  3 tyrant leeches
  5 hippogriffs
  3 hornets
  3 slime creatures (Swamp:2)
  14 blink frogs
  4 bog bodies
  A tarantella (shapeshifter) (D:14)
  4 spriggans
  A wraith (D:11)
  3 wyverns
  A shadow (D:12)
  3 water elementals (D:12)
  25 yaks
  A hungry ghost (D:10)
  12 vampire mosquitoes
  A warg (Orc:2)
  6 swamp worms (Swamp:1)
  4 insubstantial wisps (Swamp:2)
  4 acid dragons
  9 porcupines
  4 water moccasins
  28 orc warriors
  5 sky beasts
  4 boggarts (D:13)
  2 ice beasts
  12 ogres
  A necrophage (D:14)
  10 centaurs
  10 wolves
  7 crocodiles
  2 big kobolds
  19 bullfrogs
  A wyvern zombie (D:13)
  4 scorpions
  3 killer bees
  2 electric eels (Lair:5)
  A crimson imp (D:12)
  A bullfrog zombie (D:10)
  2 jellies
  5 hounds
  4 bullfrog skeletons
  3 centaur skeletons
  13 orc priests
  21 orc wizards
  4 iguanas
  Terence (D:3)
  5 worker ants
  Robin (D:2)
  2 gnolls
  4 adders
  4 shadow imps
  6 oozes (Sewer)
  2 adder zombies (Ossuary)
  2 adder skeletons (D:4)
  12 leopard geckos
  48 orcs
  4 ball pythons
  11 giant cockroaches
  19 goblins
  10 hobgoblins
  8 jackals
  2 quokkas
  2 ball python skeletons (Ossuary)
  8 bats
  8 frilled lizards
  7 kobolds
  A leopard gecko zombie (D:6)
  An orc zombie (Ossuary)
  A quokka skeleton (D:4)
  10 rats
  A fungus (Lair:2)
  2 plants
533 creatures vanquished.

Vanquished Creatures (collateral kills)
  A frost giant (IceCv)
  An ettin (Orc:1)
  3 vault guards (D:14)
  A catoblepas (Lair:3)
  3 hydras
  A ghost crab (Swamp:1)
  A two-headed ogre (D:9)
  3 alligators (Swamp:2)
  3 skeletal warriors (D:12)
  A swamp dragon (Swamp:1)
  A deep elf archer (D:13)
  A spriggan druid (Swamp:2)
  4 orc knights
  A phantasmal warrior (D:13)
  A deep elf mage (D:13)
  6 ugly things
  An orc sorcerer (Orc:1)
  2 elephants (Lair:6)
  A cyclops (D:12)
  3 black mambas
  2 ice statues (IceCv)
  8 spiny frogs
  A centaur skeleton (D:14)
  2 komodo dragons
  A freezing wraith (D:13)
  A troll (D:11)
  3 hornets (Swamp:2)
  9 polar bears (IceCv)
  6 tyrant leeches
  Prince Ribbit (D:8)
  4 dream sheep (Lair:6)
  4 blink frogs
  3 hippogriffs
  2 meliai zombies (D:13)
  A spriggan (Swamp:2)
  A water elemental (D:12)
  37 yaks
  3 basilisks
  8 vampire mosquitoes
  A swamp worm (Swamp:1)
  A soldier ant (D:13)
  An acid dragon (D:12)
  An insubstantial wisp (Swamp:2)
  4 water moccasins
  13 orc warriors
  5 porcupines
  An ice beast (D:11)
  3 sky beasts
  A phantom (D:8)
  6 ogres
  A necrophage (D:10)
  5 wolves
  An eye of draining (D:13)
  10 centaurs
  3 crocodiles
  A big kobold (D:11)
  10 bullfrogs
  A water moccasin skeleton (D:5)
  A scorpion (D:8)
  2 killer bees (D:8)
  5 electric eels (D:12)
  2 howler monkeys
  A crimson imp (D:11)
  3 centaur zombies
  A quasit (D:9)
  A bullfrog skeleton (D:5)
  3 hounds
  5 jellies
  5 orc priests
  11 orc wizards
  A killer bee zombie (D:5)
  2 hound skeletons
  2 worker ant zombies
  A howler monkey zombie (D:5)
  6 gnolls
  3 adders
  A shadow imp (D:13)
  13 oozes
  3 adder zombies
  4 worms
  4 leopard geckos
  36 orcs
  8 giant cockroaches
  3 goblins
  A hobgoblin (D:2)
  A jackal (D:4)
  5 ball pythons
  A ball python skeleton (Ossuary)
  7 frilled lizards (Sewer)
  A hobgoblin zombie (Ossuary)
  5 kobolds
  An orc zombie (Ossuary)
  2 quokka skeletons
  A rat (D:1)
  A fungus (Lair:6)
  A plant (Lair:6)
359 creatures vanquished.

Vanquished Creatures (others)
  A yak (D:10)
  A centaur (D:10)
  A scorpion (D:10)
  An iguana (D:10)
  A leopard gecko (D:10)
  12 fungi
  41 plants
58 creatures vanquished.

Grand Total: 950 creatures vanquished

Notes
Turn   | Place    | Note
-------+----------+-------------------------------------------
     0 | D:1      | LostNumber the Kobold Summoner began the quest for the Orb.
     0 | D:1      | Reached XP level 1. HP: 10/10 MP: 3/3
   129 | D:1      | Reached XP level 2. HP: 14/16 MP: 3/5
   179 | D:1      | Learned a level 2 spell: Call Imp
   443 | D:1      | Reached skill level 1 in Fighting
   443 | D:1      | Reached XP level 3. HP: 16/20 MP: 6/6
   854 | D:1      | Learned a level 3 spell: Call Canine Familiar
   974 | D:2      | Noticed Robin
  1075 | D:2      | Killed Robin
  1075 | D:2      | Reached XP level 4. HP: 25/25 MP: 2/8
  1102 | D:2      | Reached skill level 1 in Polearms
  1663 | D:3      | Found a shattered altar of Ashenzari.
  1672 | D:3      | Became a worshipper of Ashenzari the Shackled
  1852 | D:3      | Reached XP level 5. HP: 29/30 MP: 6/9
  1906 | D:3      | Reached skill level 2 in Fighting
  2061 | D:3      | Noticed Terence
  2076 | D:3      | Killed Terence
  2076 | D:3      | Reached skill level 5 in Summonings
  2083 | D:3      | Learned a level 4 spell: Summon Lightning Spire
  2496 | D:4      | Found a sacrificial altar of Ru.
  2497 | D:4      | Found a burning altar of Makhleb.
  2641 | D:4      | Reached skill level 1 in Air Magic
  2641 | D:4      | Reached XP level 6. HP: 28/36 MP: 8/10
  2895 | D:4      | Noticed an ogre
  2910 | D:4      | Killed an ogre
  3068 | D:4      | Found a bloodstained altar of Trog.
  3068 | D:4      | Found a shadowy altar of Dithmenos.
  3119 | D:4      | Found a sparkling altar of Nemelex Xobeh.
  3169 | D:4      | Found a shimmering altar of Xom.
  3270 | D:5      | Entered Level 5 of the Dungeon
  3321 | D:5      | Reached XP level 7. HP: 36/40 MP: 12/12
  3386 | D:5      | Reached skill level 3 in Fighting
  3519 | D:5      | Found a staircase to the Ecumenical Temple.
  3873 | D:5      | Reached XP level 8. HP: 33/46 MP: 4/13
  3884 | D:5      | Learned a level 4 spell: Summon Ice Beast
  3945 | D:5      | Found a snail-covered altar of Cheibriados.
  4026 | D:6      | Reached * piety under Ashenzari
  4071 | D:6      | Found a stormy altar of Qazlal.
  4098 | D:6      | Found a glowing drain.
  4113 | Sewer    | Entered a sewer
  4219 | Sewer    | Reached skill level 1 in Ice Magic
  4604 | D:6      | Got the cursed scale mail "Cokloisch" {*Drain Str+6 Slay+2}
  4834 | D:6      | Reached skill level 4 in Fighting
  5635 | D:7      | Found a sand-covered staircase.
  5655 | Ossuary  | Entered an ossuary
  5827 | Ossuary  | Noticed a wraith
  5827 | Ossuary  | Noticed a flying skull
  5910 | D:7      | Noticed a +0 dagger
  5912 | D:7      | Found a hide-covered altar of Uskayaw.
  5912 | D:7      | Noticed a +0 hand axe
  5928 | D:7      | Reached ** piety under Ashenzari
  6046 | D:7      | Noticed Harold
  6060 | D:7      | Reached XP level 9. HP: 34/52 MP: 2/15
  6065 | D:7      | Killed Harold
  6065 | D:7      | Reached skill level 5 in Fighting
  6065 | D:7      | Reached skill level 5 in Spellcasting
  6340 | D:7      | Found a glowing silver altar of Zin.
  6804 | D:7      | Reached skill level 1 in Evocations
  7542 | D:8      | Noticed Prince Ribbit
  7550 | D:8      | Killed Prince Ribbit
  7685 | D:8      | Reached skill level 1 in Shields
  7957 | D:8      | Noticed a hippogriff
  7960 | D:8      | Killed a hippogriff
  8180 | D:8      | Found Uxzimi's Magic Scroll Emporium.
  8186 | D:8      | Reached XP level 10. HP: 54/60 MP: 10/18
  8198 | D:8      | Bought a scroll of remove curse for 36 gold pieces
  8198 | D:8      | Bought a scroll of blinking for 90 gold pieces
  8368 | D:8      | Reached skill level 6 in Fighting
  8848 | D:9      | Found the +9 staff of Olgreb {rPois}
  8864 | D:9      | Found a runed translucent door.
  8868 | D:9      | Found a runed translucent gate.
  8868 | D:9      | Found a runed translucent gate.
  8869 | D:9      | Found a runed translucent door.
  8909 | D:9      | Found a staircase to the Lair.
  9075 | D:9      | Found a runed translucent gate.
  9141 | D:9      | Noticed a two-headed ogre
  9151 | D:9      | Killed a two-headed ogre
  9478 | D:9      | Reached skill level 7 in Fighting
  9481 | D:9      | Reached skill level 5 in Stealth
  9623 | D:9      | Found an iron altar of Okawaru.
  9741 | D:8      | Bought a scroll of acquirement for 624 gold pieces
  9953 | Lair:1   | Entered Level 1 of the Lair of Beasts
  9953 | Lair:1   | Reached *** piety under Ashenzari
 10033 | Lair:1   | Noticed a spiny frog
 10040 | Lair:1   | Killed a spiny frog
 10041 | Lair:1   | Noticed a spiny frog
 10049 | Lair:1   | Killed a spiny frog
 10049 | Lair:1   | Reached skill level 1 in Maces & Flails
 10216 | Lair:1   | Identified the Disquisition on Damaging Transmigration (You
                  | acquired it on level 1 of the Lair of Beasts)
 10279 | Lair:1   | Noticed a black mamba
 10287 | Lair:1   | Killed a black mamba
 10418 | Lair:1   | Reached XP level 11. HP: 67/67 MP: 20/20
 10884 | Lair:2   | Reached skill level 8 in Fighting
 11037 | Lair:2   | Found a dark tunnel.
 11828 | Lair:2   | Found a staircase to the Swamp.
 11830 | Lair:2   | Got the cursed demon whip "Xahaiga" {freeze, Int+4}
 11833 | Lair:2   | Identified the cursed +5 demon whip "Xahaiga" {freeze,
                  | Int+4} (You acquired it on level 2 of the Lair of Beasts)
 12124 | Lair:2   | Reached skill level 5 in Maces & Flails
 12716 | Lair:3   | Got the cursed ring mail "Vyenini" {Slay+3}
 12946 | Lair:3   | Identified the cursed +1 ring mail "Vyenini" {Slay+3} (You
                  | found it on level 3 of the Lair of Beasts)
 12946 | Lair:3   | Identified the cursed +1 scale mail "Cokloisch" {*Drain
                  | Str+6 Slay+2} (You found it on level 6 of the Dungeon)
 13087 | Lair:3   | Noticed a six-headed hydra
 13162 | Lair:3   | Reached **** piety under Ashenzari
 13368 | Lair:3   | Reached skill level 9 in Fighting
 13610 | Lair:3   | Noticed a catoblepas
 13630 | Lair:3   | Killed a catoblepas
 13692 | Lair:3   | Reached XP level 12. HP: 45/76 MP: 2/21
 13698 | Lair:3   | Killed a six-headed hydra
 15041 | Lair:4   | Reached skill level 10 in Stealth
 15098 | Lair:4   | Found a hole to the Spider Nest.
 15663 | Lair:4   | Noticed Nergalle
 15679 | Lair:4   | Killed Nergalle
 15679 | Lair:4   | Reached skill level 10 in Fighting
 16026 | Lair:5   | Reached ***** piety under Ashenzari
 16027 | Lair:5   | Found a staircase to the Slime Pits.
 16249 | Lair:5   | Noticed a seven-headed hydra
 16262 | Lair:5   | Killed a seven-headed hydra
 16410 | Lair:5   | Noticed an eight-headed hydra
 16860 | Lair:5   | Killed an eight-headed hydra
 17218 | Lair:6   | Entered Level 6 of the Lair of Beasts
 17680 | D:10     | Entered Level 10 of the Dungeon
 17708 | D:10     | Reached XP level 13. HP: 84/84 MP: 22/22
 18184 | D:10     | Found a shimmering altar of Xom.
 18424 | D:10     | Reached skill level 11 in Fighting
 18504 | D:10     | Reached skill level 1 in Armour
 18638 | D:11     | Noticed a four-headed hydra
 18646 | D:11     | Killed a four-headed hydra
 18747 | D:11     | Found a transporter.
 18880 | D:11     | Found a frozen archway.
 19064 | IceCv    | Entered an ice cave
 19071 | IceCv    | Reached skill level 5 in Evocations
 20305 | IceCv    | Reached skill level 5 in Dodging
 20444 | IceCv    | Noticed a frost giant
 20577 | IceCv    | Killed a frost giant
 20615 | IceCv    | Identified the +2 halberd of Qodaari {flame, *Contam rElec
                  | Dex+2}
 20843 | D:11     | Found a transporter.
 20844 | D:11     | Noticed Ethylacetat's ghost (journeyman NaGl)
 21021 | D:11     | Found a staircase to the Orcish Mines.
 21131 | D:11     | Noticed Maurice
 21138 | D:11     | Killed Maurice
 21314 | D:11     | Found Niyficwi's Weapon Boutique.
 21377 | D:12     | Reached ****** piety under Ashenzari
 21862 | D:12     | Found a transporter.
 21876 | D:12     | Found a transporter.
 21927 | D:12     | Noticed LostNumber's ghost (journeyman DsEE)
 21976 | D:12     | Reached skill level 12 in Fighting
 21986 | D:12     | Noticed a four-headed hydra
 22126 | Orc:1    | Entered Level 1 of the Orcish Mines
 22126 | Orc:1    | Found a roughly hewn altar of Beogh.
 22126 | Orc:1    | Noticed an ettin
 22135 | Orc:1    | Killed an ettin
 23259 | Orc:2    | Entered Level 2 of the Orcish Mines
 23427 | Orc:2    | Reached XP level 14. HP: 77/92 MP: 12/23
 23580 | Orc:2    | Found a staircase to the Elven Halls.
 23726 | Orc:2    | Found a roughly hewn altar of Beogh.
 24468 | Orc:2    | Found Fipuwev's General Store.
 24468 | Orc:2    | Found Liussyne's Antique Armour Emporium.
 24470 | Orc:2    | Found Cuvev's Food Shoppe.
 24472 | Orc:2    | Found Wiorr's Assorted Antiques.
 24484 | Orc:2    | Bought 2 potions of heal wounds for 200 gold pieces
 24484 | Orc:2    | Bought a potion of curing for 60 gold pieces
 24484 | Orc:2    | Bought a scroll of remove curse for 60 gold pieces
 24484 | Orc:2    | Bought a sedimented amethyst potion for 18 gold pieces
 24484 | Orc:2    | Bought a scroll labeled PIFOATIQEL for 20 gold pieces
 24484 | Orc:2    | Bought a scroll of identify for 40 gold pieces
 24785 | Orc:2    | Bought a scroll of acquirement for 728 gold pieces
 24795 | Orc:2    | Learned a level 6 spell: Shadow Creatures
 24801 | Orc:2    | Learned a level 5 spell: Borgnjor's Vile Clutch
 25104 | Lair:5   | Reached skill level 1 in Necromancy
 25436 | Lair:6   | Reached skill level 1 in Earth Magic
 25452 | Lair:6   | Reached skill level 5 in Armour
 25525 | Lair:6   | Identified the +7 quarterstaff "Koezarog" {crush, Fragile
                  | rF+ Str+4 Dex+4}
 25594 | Lair:6   | Found a runed translucent door.
 25597 | Lair:6   | Noticed Forgol's ghost (journeyman MiFi)
 25598 | Lair:6   | Identified the cursed +2 spear "Plojy" {elec, +Inv +Fly
                  | Str-2 Dex+3}
 27312 | D:8      | Bought 2 scrolls of random uselessness for 24 gold pieces
 27312 | D:8      | Bought a scroll of identify for 24 gold pieces
 27312 | D:8      | Bought a scroll of vulnerability for 90 gold pieces
 28681 | D:12     | Reached XP level 15. HP: 89/97 MP: 8/25
 28705 | D:12     | Reached skill level 13 in Fighting
 28853 | D:13     | Found a flickering gateway to a bazaar.
 28862 | Bazaar   | Entered a bazaar
 28862 | Bazaar   | Found Fegips's Book Emporium.
 28862 | Bazaar   | Found Razem's General Store.
 28862 | Bazaar   | Found Heschazi's Jewellery Emporium.
 28864 | Bazaar   | Found Bikuewea's Jewellery Shoppe.
 28876 | Bazaar   | Bought an uncursed ring of protection from fire for 375
                  | gold pieces
 30668 | D:14     | Found a gate to the Vaults.
 30683 | D:14     | Reached skill level 5 in Earth Magic
 30870 | D:14     | Noticed Roxanne
 30890 | D:14     | Reached skill level 10 in Dodging
 30950 | D:14     | Learned a level 5 spell: Summon Mana Viper
 30972 | D:14     | Reached skill level 1 in Hexes
 31475 | Swamp:1  | Entered Level 1 of the Swamp
 33960 | Swamp:2  | Reached XP level 16. HP: 89/105 MP: 19/29
 34040 | Swamp:2  | Reached skill level 14 in Fighting
 34049 | Swamp:2  | Collided with a spiny frog

Skill      XL: |  1  2  3  4  5  6  7  8  9 10 11 12 13 14 15 16 |
---------------+-------------------------------------------------+-----
Fighting       | 1 2 3 4 5 7 9 10 12 13 14 | 14.0
Polearms       | 1 2 |  2.0
Spellcasting   | 3 4 5 6 7 9 |  9.0
Summonings     | 5 6 7 8 9 |  9.7
Air Magic      | 1 2 3 4 |  4.0
Ice Magic      | 2 |  2.8
Evocations     | 3 4 7 8 |  8.0
Shields        | 1 4 |  4.8
Stealth        | 6 9 12 | 12.0
Maces & Flails | 2 6 8 |  8.4
Dodging        | 6 8 10 | 10.8
Armour         | 4 5 |  5.0
Necromancy     | 3 4 |  4.9
Earth Magic    | 3 5 |  5.0
Hexes          | 1 |  1.8

Action                   |  1- 3 |  4- 6 |  7- 9 | 10-12 | 13-15 | 16-18 || total
-------------------------+-------+-------+-------+-------+-------+-------++-------
Melee: Spear             |    89 |   191 |   413 |   201 |       |       ||   894
       Unarmed           |     3 |       |       |       |       |       ||     3
       Demon whip        |       |       |       |   261 |  1256 |    22 ||  1539
 Cast: Summon Small Mamm |     7 |       |       |       |       |       ||     7
       Call Imp          |     2 |     5 |    14 |       |       |       ||    21
       Call Canine Famil |     1 |    12 |    17 |     3 |     2 |       ||    35
       Summon Lightning  |       |       |    13 |    31 |    89 |     1 ||   134
       Summon Ice Beast  |       |       |    13 |    85 |   100 |     1 ||   199
       Shadow Creatures  |       |       |       |       |    15 |     3 ||    18
       Borgnjor's Vile C |       |       |       |       |    31 |       ||    31
       Summon Mana Viper |       |       |       |       |     2 |       ||     2
Invok: Curse Item        |       |     2 |     1 |       |     2 |       ||     5
Evoke: Wand              |       |       |     4 |     1 |     2 |       ||     7
       Phial of floods   |       |       |       |       |     1 |       ||     1
  Use: Scroll            |     1 |       |     6 |     7 |    13 |       ||    27
       Potion            |       |       |       |       |     5 |       ||     5
 Stab: Sleeping          |     6 |     3 |     4 |    13 |    15 |       ||    41
       Distracted        |       |     2 |     5 |    10 |    28 |       ||    45
       Paralysed         |       |       |     2 |       |       |       ||     2
  Eat: Chunk             |     9 |     9 |    22 |    43 |    79 |       ||   162
Armor: Robe              |     8 |    30 |    54 |    23 |       |       ||   115
       Ring mail         |       |       |       |    26 |   199 |     9 ||   234
       Skin              |       |       |       |       |     5 |       ||     5
Dodge: Dodged            |    47 |   134 |   280 |   185 |   552 |    20 ||  1218
Block: Buckler           |       |       |    15 |    92 |   312 |     5 ||   424
